Cogmind - Beta 16 @@@ ROGUE MODE // 2026.01.05 @ 15:14:36 Player: Oldman Pu Result: Destroyed by IX-DR6(R) with Subdweller Beam Cannon Performance ------------- Evolutions (0) 0 Regions Visited (2) 400 Robots Destroyed (18) 90 Value Destroyed (591) 591 Prototype IDs (0) 0 Alien Tech Used (0) 0 Bonus (0) 0 TOTAL SCORE: 1081 Bonus ------- None Cogmind --------- Core Integrity 0/250 Matter 237/300 Energy 235/250 System Corruption 0% Temperature Cool (19) Movement Rolling (115) Ox1 Location -10/Subcaves Parts ------- > --- POWER (1) -------- Ion Engine > --- PROPULSION (2) --- Compact Wheel Compact Wheel > --- UTILITY (2) ------ High-capacity Storage Unit Targeting Computer > --- WEAPON (2) ------- Beam Rifle Beam Cannon > --- INVENTORY (20) --- Ion Engine Ion Engine Ion Engine Light Nuclear Core Improved Aluminum Leg Improved Aluminum Leg Improved Aluminum Leg Improved Aluminum Leg Compact Wheel Subdweller Monowheel Heat Sink High-capacity Storage Unit Light Armor Plating Subdweller Beam Cannon Light Assault Rifle Heavy Assault Rifle Shotgun Shotgun Shotgun Shotgun Peak State ------------ > --- POWER ------------ Ion Engine > --- PROPULSION ------- Wheel Compact Wheel > --- UTILITY ---------- High-capacity Storage Unit Targeting Computer > --- WEAPON ----------- Shotgun Shotgun > --- INVENTORY -------- Ion Engine Ion Engine Ion Engine Light Nuclear Core Improved Aluminum Leg Improved Aluminum Leg Improved Aluminum Leg Improved Aluminum Leg Compact Wheel Compact Wheel Compact Wheel Heat Sink High-capacity Storage Unit Light Armor Plating Beam Rifle Beam Cannon Light Assault Rifle Heavy Assault Rifle Shotgun Shotgun [Rating: 12] Favorites ----------- Power Ion Engine Engine Ion Engine Propulsion Wheel Wheel Wheel Utility High-capacity Storage Unit Storage High-capacity Storage Unit Processor Targeting Computer Weapon Shotgun Energy Gun Medium Laser Energy Cannon Beam Cannon Ballistic Gun Shotgun Build | -11 -10 -10 ------- Run | Yrd Mat Sub Slots Evolved . | . . . Power . | . . . Propulsion . | . . . Utility . | . . . Weapon . | . . . Parts Attached 18 | 6 8 4 Power 3 | 1 2 . Engine 3 | 1 2 . Core . | . . . Reactor . | . . . Propulsion 6 | 2 2 2 Treads . | . . . Leg . | . . . Wheel 6 | 2 2 2 Hover . | . . . Flight . | . . . Utility 3 | 1 2 . Device . | . . . Storage 2 | 1 1 . Processor 1 | . 1 . Hackware . | . . . Protection . | . . . Artifact . | . . . Weapon 6 | 2 2 2 Energy Gun 2 | 1 . 1 Energy Cannon 1 | . . 1 Ballistic Gun 3 | 1 2 . Ballistic Cannon . | . . . Launcher . | . . . Special Weapon . | . . . Impact Weapon . | . . . Slashing Weapon . | . . . Piercing Weapon . | . . . Special Melee Weapon . | . . . Unidentified Prototypes . | . . . Parts Lost 4 | . 2 2 Power . | . . . Propulsion 3 | . 1 2 Utility . | . . . Weapon 1 | . 1 . Highest Loss Streak 1 | . 1 1 To Critical Strikes . | . . . Average Backups 11 | . 8 19 Power 2 | . 1 4 Propulsion 4 | . 4 7 Utility 2 | . 1 3 Weapon 2 | . 1 5 Tool/Special . | . . . Unused Backups 20 | . 2 18 Power 5 | . 2 3 Propulsion 6 | . . 6 Utility 3 | . . 3 Weapon 6 | . . 6 Tool/Special . | . . . Average Slot Usage (%) 99 | . 98 99 Engine 14 | . 14 14 Wheel 27 | . 27 27 Storage 14 | . 15 14 Processor 13 | . 12 14 Energy Gun 6 | . 9 1 Ballistic Gun 20 | . 18 25 Peak Build Rating 12 | 6 11 12 Average Rating 8 | 5 8 11 On Entrance 5 | . 6 11 Avg Prop Armor Cover (%) 13 | 13 . . Naked Turns . | . . . Heaviest Build 54 | 14 54 51 Greatest Support 32 | 20 26 32 Greatest Overweight (x) 4 | 4 4 3 Average Overweight (x) 1 | 1 1 1 Largest Inventory Capacity 20 | 8 20 20 Average Capacity 19 | 6 19 20 Most Carried 20 | . 20 20 Average Carried 11 | . 8 19 Final Capacity 20 | 8 20 20 Final Carried 20 | . 20 20 Class Distribution -------------------- 100% | Mutant Dominant Class ---------------- Mutant | -10/Materials Mutant | -10/Subcaves Resources | -11 -10 -10 ----------- Run | Yrd Mat Sub Matter Collected 549 | 162 297 90 Remotely . | . . . Salvage Created 754 | . 505 249 Parts 46 | . 30 16 Haulers Intercepted 2 | . 2 . Recyclers Shooed . | . . . Parts Field Recycled . | . . . Retrieved Matter . | . . . Parts Self-Destructed 3 | . . 3 Prevented . | . . . Parts Restored . | . . . Kills | -11 -10 -10 ------- Run | Yrd Mat Sub Combat Hostiles Destroyed 15 | . 9 6 Guns 14 | . 8 6 Classes Destroyed 5 | . 3 2 Hauler 2 | . 2 . Watcher 1 | . 1 . Grunt 10 | . 9 1 Sentry 1 | . . 1 Subdweller 4 | . . 4 Best Kill Streak 3 | . 3 2 Combat Bots Only 2 | . 2 2 Max Kills in Single Turn 1 | . 1 1 Gunslinging . | . . . Exploded . | . . . Melee . | . . . Uniques/NPCs Destroyed . | . . . Combat | -11 -10 -10 -------- Run | Yrd Mat Sub Hostile Shots Fired 62 | . 35 27 Missed 11 | . 7 4 Hits 51 | . 28 23 Projectile 51 | . 28 23 Critical Strikes 3 | . . 3 Damage Taken 867 | . 374 493 Core 253 | . 79 174 Absorbed by Shields . | . . . Core Remaining (%) 100 | 100 . . Volleys Fired 64 | . 43 21 Largest 2 | . 2 2 Hottest 116 | . 70 116 Shots Fired 124 | . 82 42 Gun 115 | . 82 33 Cannon 9 | . . 9 Launcher . | . . . Special . | . . . Kinetic 71 | . 44 27 Thermal 53 | . 38 15 Explosive . | . . . Electromagnetic . | . . . Robot Hit Streak 12 | . 8 12 Robot Miss Streak 4 | . 4 1 Penetration Max . | . . . Secondary Targets 1 | . . 1 Max Gunslinging Chain 1 | . . 1 Shots Hit Robots 78 | . 52 26 Core Hits 39 | . 23 16 Critical Kills . | . . . Critical Parts Destroyed . | . . . Critical Strikes 3 | . 2 1 Burn 2 | . 2 . Destroy 1 | . . 1 Melee Attacks . | . . . Impact . | . . . Slashing . | . . . Piercing . | . . . Sneak Attacks . | . . . Combat Hostiles . | . . . Follow-up Attacks . | . . . Damage Inflicted 1138 | . 740 398 Guns 1038 | . 693 345 Cannons 53 | . . 53 Explosions . | . . . Melee . | . . . Ramming 47 | . 47 . Kinetic 694 | . 392 302 Thermal 397 | . 301 96 Explosive . | . . . Electromagnetic . | . . . Impact . | . . . Slashing . | . . . Piercing . | . . . Highest Corruption . | . . . Average Corruption . | . . . Corruption Purged . | . . . Corruption Blocked . | . . . Overload Shots . | . . . Overflow Damage . | . . . Projectiles . | . . . Explosions . | . . . Melee . | . . . Knockbacks . | . . . Impact . | . . . Kinetic . | . . . Secondary . | . . . Self-Inflicted Damage 23 | . 23 . Shots . | . . . Rammed 3 | . 3 . Targets Rammed 3 | . 3 . Kicked . | . . . Crushed . | . . . Highest Temperature 144 | . 144 12 Average Temperature 33 | . 34 6 Received Heat Transfer 372 | . 192 180 Siege Activations . | . . . Martial Activations . | . . . Shielding Activations . | . . . Robots Disrupted . | . . . Combat Hostiles . | . . . Robots Corrupted . | . . . Combat Hostiles . | . . . Parts Fried . | . . . Impact Corruptions . | . . . Robots Melted 1 | . 1 . Combat Hostiles 1 | . 1 . Parts Melted 2 | . 2 . Heat Transferred 1258 | . 1036 222 Parts Sabotaged . | . . . Parts Stolen . | . . . Parts Stripped . | . . . Power Chain Reactions . | . . . Alert | -11 -10 -10 ------- Run | Yrd Mat Sub Maximum Alert Level . | . . . Low Security (%) 100 | 100 100 . Level 1 . | . . . Level 2 . | . . . Level 3 . | . . . Level 4 . | . . . Level 5 . | . . . High Security . | . . . Max Security . | . . . Peak Influence 73 | . 73 . Initial . | . . . Average 21 | . 22 . Influence Increases 360 | . 320 40 Destroy 0b10 Robot/C 220 | . 180 40 Destroy 0b10 Robot/NC 15 | . 15 . Destroy Leader 56 | . 56 . Successful Hack 23 | . 23 . Destroy Structure 1 | . 1 . Lose Combat Pursuer 45 | . 45 . Influence Decreases 360 | . 320 40 Time Decay 330 | . 300 30 Lost Part 30 | . 20 10 Squads Dispatched 4 | . 4 . Investigation 3 | . 3 . Extermination . | . . . Reinforcement 1 | . 1 . Assault . | . . . Garrison . | . . . Intercept . | . . . Searches Triggered . | . . . Construction Impeded . | . . . Haulers Reinforced . | . . . Active Scanning Responses . | . . . Cargo Convoy Interrupts . | . . . Stealth | -11 -10 -10 --------- Run | Yrd Mat Sub Distress Signals 1 | . 1 . Communications Jammed . | . . . Distress Signals . | . . . Times Spotted 31 | . 24 7 Peak Tracking Total 4 | . 4 2 Tactical Retreats 2 | . 2 . Traps | -11 -10 -10 ------- Run | Yrd Mat Sub Traps Triggered 1 | . . 1 Indirectly . | . . . Trap Hack Attempts . | . . . Triggered . | . . . Disarmed . | . . . Reprogrammed . | . . . Reused . | . . . Traps Extracted . | . . . Installed . | . . . Triggered . | . . . Machines | -11 -10 -10 ---------- Run | Yrd Mat Sub Machines Disabled . | . . . Max in Single Turn . | . . . Machines Repaired . | . . . Machines Dismantled . | . . . Machines Sabotaged . | . . . Overloaded Fab Kills . | . . . Hacking | -11 -10 -10 --------- Run | Yrd Mat Sub Machines Accessed 2 | . 2 . Terminals 2 | . 2 . Fabricators . | . . . Repair Stations . | . . . Recycling Units . | . . . Scanalyzers . | . . . Garrison Access . | . . . Total Hacks 10 | . 10 . Successful 5 | . 5 . Failed 5 | . 5 . Catastrophic . | . . . Database Lockouts . | . . . Manual . | . . . Terminals 10 | . 10 . Fabricators . | . . . Repair Stations . | . . . Recycling Units . | . . . Scanalyzers . | . . . Garrison Access . | . . . Terminal Hacks 5 | . 5 . Record 1 | . 1 . Repair Station Index 1 | . 1 . Dispatch Records 1 | . 1 . Hauler Manifests 1 | . 1 . Zone Layout 1 | . 1 . Fabricator Hacks . | . . . Repair Station Hacks . | . . . Recycling Unit Hacks . | . . . Scanalyzer . | . . . Garrison Access Hacks . | . . . Unauthorized Hacks . | . . . Terminals . | . . . Fabricators . | . . . Repair Stations . | . . . Recycling Units . | . . . Scanalyzers . | . . . Garrison Access . | . . . Data Cores Recovered . | . . . Used . | . . . Hacking Detections 2 | . 2 . Full Trace Events 2 | . 2 . Feedback Events . | . . . Feedback Blocked . | . . . Robot Schematics Acquired . | . . . Robots Built . | . . . Authchips . | . . . Time . | . . . Total Robot Build Rating . | . . . Part Schematics Acquired . | . . . Parts Built . | . . . Authchips . | . . . Time . | . . . Total Part Build Rating . | . . . Part Studies Acquired . | . . . Parts Repaired . | . . . Time . | . . . Parts Recycled . | . . . Recycled Matter . | . . . Retrieved Matter . | . . . Retrieved Components . | . . . Parts Scanalyzed . | . . . Part Schematics Acquired . | . . . Parts Damaged . | . . . Bothacking | -11 -10 -10 ------------ Run | Yrd Mat Sub Used RIF Installer . | . . . Robots Hacked . | . . . Non-combat . | . . . Combat . | . . . Robot Hacks Applied . | . . . Relay Couplers Released . | . . . Fabnet Peak Effective % . | . . . Robots Rewired . | . . . Allies Hacked . | . . . Hacks Repelled . | . . . Allies | -11 -10 -10 -------- Run | Yrd Mat Sub Total Allies . | . . . Largest Group . | . . . Highest-Rated Group . | . . . Highest-Rated Ally . | . . . Total Orders . | . . . Ally Attacks . | . . . Total Damage . | . . . Kills . | . . . Allies Corrupted . | . . . Allies Melted 1 | . . 1 Intel | -11 -10 -10 ------- Run | Yrd Mat Sub Active Infowar (turns) . | . . . Robot Analysis Total . | . . . Derelict Logs Recovered 2 | . . 2 Drone Launches . | . . . Drone Recoveries . | . . . Exploration | -11 -10 -10 ------------- Run | Yrd Mat Sub Turns Passed 1666 | 55 1106 505 Spaces Moved 1167 | 36 773 358 Core 24 | 24 . . Treads . | . . . Legs . | . . . Wheels 1143 | 12 773 358 Hover . | . . . Flight . | . . . Fastest Speed 50 | 50 80 105 Average Speed 108 | 129 107 109 Slowest Speed 250 | 250 140 145 Overloaded Moves . | . . . Propulsion Burnouts . | . . . Robots Hopped . | . . . Potential Cave-ins . | . . . Cave-ins Triggered . | . . . Exploration Rate (%) 42 | 3 98 25 Regions Visited 2 Branch Regions 1 Pre-discovered Areas . | . . . Known Exits Taken . | . . . Unknown Exits Taken 2 | 1 1 . Scrap Searched 1 | . . 1 Spaces Dug . | . . . Terrain Destroyed . | . . . Melee . | . . . Projectile . | . . . AOE . | . . . Terrain Rammed . | . . . Walls Destroyed . | . . . Machines Disabled . | . . . Actions | -11 -10 -10 --------- Run | Yrd Mat Sub Total 1445 | 41 970 434 Wait 159 | . 116 43 Move 1165 | 35 772 358 Hop . | . . . Pick Up 26 | . 22 4 Fast Attach 9 | 6 3 . Attach 3 | . 1 2 Detach . | . . . Swap 7 | . 4 3 Drop 9 | . 6 3 Fire 64 | . 43 21 Melee . | . . . Ram 3 | . 3 . Kick . | . . . Crush . | . . . Escape Stasis . | . . . Rewire . | . . . Trap . | . . . Miscellaneous . | . . . Route ------- -11/Scrapyard -10/Materials (discovered 5 exits: [*Mat x3] / [*Min] / [*Sub]) -10/Subcaves (discovered 1 exit: [*Mat]) History --------- Turn | Location | Event 40 | -11/Scrapyard | Discovered new exit (range 12) 56 | -11/Scrapyard | Entered Materials 244 | -10/Materials | Discovered new exit (range 8) 301 | -10/Materials | Build established: Mutant 556 | -10/Materials | Derelicts attacked the area 627 | -10/Materials | Discovered new exit (range 6) 648 | -10/Materials | Discovered new exit (range 15) 779 | -10/Materials | Discovered new exit (range 16) 1083 | -10/Materials | Discovered new exit (range 16) 1162 | -10/Materials | Entered Subcaves 1163 | -10/Subcaves | Approached by a straggling Scientist 1176 | -10/Subcaves | Discovered new exit (range 5) 1203 | -10/Subcaves | Shifting Twisted Machinery released Sub. Optics 1296 | -10/Subcaves | A swath of the cavern ceiling suddenly collapsed 1407 | -10/Subcaves | Learned Materials emergency access door positions 1450 | -10/Subcaves | Disturbed a concealed Subdweller 1481 | -10/Subcaves | Learned location of 1 exit from Materials 1570 | -10/Subcaves | Ambushed by Subdwellers from Twisted Machinery 1588 | -10/Subcaves | Core integrity fell below 50% 1666 | -10/Subcaves | Core integrity fell below 20% 1667 | -10/Subcaves | Destroyed by IX-DR6(R) with Subdweller Beam Cannon Last Messages --------------- 01461_ Subatomizers dissect the Sub. Beam Cannon. 01462_ Acquired Sub. Beam Cannon. KG-X4Z(c): "I think it's somewhere north of here" 01481_ Acquired derelict log, extracted data. Data stored: Materials exits (x1). KG-X4Z(c): "I think it's somewhere north of here" 01533_ HI-EH4(u) tweaks Twisted Machinery. 01560_ Triggered Shrapnel Trap. 01560_ An expanding cloud of shrapnel blasts out in all directions. KG-X4Z(c): "I think it's somewhere north of here" 01570_ AS-LS5(R) emerges from the Twisted Machinery. 01587_ BV-7S2(R) destroyed. 01596_ AS-LS5(R) destroyed. 01599_ Acquired 37 matter. 01601_ Dropped Com. Wheel. 01601_ Acquired Sub. Monowheel. 01603_ Dropped Com. Wheel. KG-X4Z(c): "I think it's somewhere north of here" 01660_ Subatomizers dissect the Disposable Heat Sink. 01663_ NL-JSZ(R) destroyed. Map ----- +----------------------------------------------------+ | ?????????????????????????????????????????????? | | ?????????????????????????????????????????????? | | ?????????????????????????????????????????????? | | ?????????????????????????????????????????????? | | ?????????????????????????????????????????????? | | ?????????????????????????????????????????????? | | ?????????????????????????????????????????????? | | ?????????????????????????????????????????????? | | ?????????????????????????????????????????????? | | ?????????????????????????????????????????????? | | ?????????????????????????????????????????????? | | ?????????????????????????????????????????????? | | ?????????????????????????????????????????????? | | ?????????????????????????????????????????????? | | ????????????????? ???????????????????????????? | | ???????????? ? ? ???????????????????????????? | | ??????????? ?????????????????????????? | | ??????????# ?????????????????????????? | | ?????????? """????????????????????????? | | ?????????? """"?????????????????????????? | | ???????????# """" #??????###????????????????? | | ???????????#"""" ##?????# ##???????????????? | | ???????????#"" "##????# ##??????????????? | | ???????????#" """" #???## ##?????????????? | | ???????????#""""" ##### #?????????????? | | ???????????#"" ##@ #?????????????? | | ???????????##### &%&^ #?????????????? | | ???????????????## !R& #?????????????? | | ????????????????# # [ ##?????????????? | | ????????????????### #??????????????? | | ??????????????????## ! ##??????????????? | | ???????????????##### ![& #???????????????? | | ??????????????## ###= %* #???????????????? | | ??????????????# ## &^& ##???????????????? | | ???????????????# ##????????????????? | | ???????????????## ##?????????????????? | | ????????????????## #??????????????????? | | ?????????????????## ;###??????????????????? | | ??????????????????#" ; #???????????????????? | | ??????????????????##" ;"#???????????????????? | | ??????????????????# "" "#???????????????????? | | ??????????????????###" ##?##???????????????? | | ?????????#####?????## ## #???????????????? | | ????????## ##?#### ##??????????????? | | ?######## ### #??????????????? | | ?# ## ^ #??????????????? | | ## ### ## #??????????????? | | # #### ### ##??????????????? | | #### ##### ##???????????????? | | ####### ##??## ###????????????????? | +----------------------------------------------------+ Best States ------------- Heat Dissipation 25 Energy Generation 10 Energy Capacity 250 Matter Stores 300 Matter Capacity 300 Sight Range 16 Terrain Scan Density 10 Evasion (%) 50 Targeting Accuracy 5 Item Schematics ----------------- None Robot Schematics ------------------ None Fabricated ------------ Nothing Repaired ---------- Nothing Studied --------- None Alien Tech Used ----------------- None Achievements -------------- None Challenges ------------ None Game ------ Seed ParticleFlightRedirector Manual? 0 Play Time 00:17:53 Cumulative 309.8 hours Start 2026.01.05 @ 15:00:45 End 2026.01.05 @ 15:14:36 Sessions 1 Manual Loads 0 Difficulty Rogue Special Mode None Game No. 270 Rogue 258 Adventurer 12 Explorer 0 Win Type - Total 1 Types 1/0/0/0/0/0/0/0/0/0 Lore% 35 Gallery% 44 Achievement% 24 Wizard Run 0 Options --------- Layout 1 ASCII 0 Keyboard 0 Movement Mouse Keybinds 0 Fullscreen 1 Font 32/SmallcapsGlow Map View 77x35 Zoom Use 0% Tactical HUD 1 Map Filters NONE Filters NONE Steam 1 RUN: 23532636-036b-4c1f-815c-eaf4b2eb165d